 Dungeon Crawl Stone Soup version 0.28.0-62-gf88900778d (webtiles) character file.

Game seed: 16046674765329942157

1348842 jjjjhere the Ninja (level 27, 186/186 HPs)
             Began as a Kobold Berserker on Sept 9, 2023.
             Was an Elder of Trog.
             Escaped with the Orb
             ... and 3 runes on Sept 18, 2023!
             The game lasted 03:03:40 (104126 turns).

jjjjhere the Ninja (Kobold Berserker)             Turns: 104126, Time: 03:03:41

Health: 186/186    AC: 12    Str: 16 (18) XL:     27
Magic:  23/23      EV: 52    Int:  4 (8)  God:    Trog [****..]
Gold:   2376       SH: 30    Dex: 33      Spells: 26/26 levels left

rFire   + + .      SeeInvis +   Y - +8 rapier (elec)
rCold   + + .      Faith    .   e - +2 shield of Resistance {rF++ rC++ Will++}
rNeg    . . .      Spirit   .   j - +0 robe of Impermeability {Dex+7}
rPois   +          Reflect  +   (helmet restricted)
rElec   .          Harm     .   L - +2 cloak
rCorr   .          Rampage  .   u - +2 pair of gloves {infuse}
Will    ++++.      Rage     1%  O - +1 pair of boots of the Great Game {rPois Str+3}
Stlth   ++++......              P - amulet of reflection
HPRegen 0.41/turn               l - +4 ring of slaying
MPRegen 0.18/turn               K - ring of see invisible

@: studying 2 skills
A: small, no large weapons, nightstalker 3, antennae 1, iridescent scales 1,
large bone plates 1, berserk 1, dopey 1, evolution 1
0: Orb of Zot
}: 3/15 runes: decaying, serpentine, slimy
a: Renounce Religion, Berserk, Trog's Hand, Brothers in Arms


You escaped.
You worshipped Trog.
Trog was greatly pleased with you.
You visited 9 branches of the dungeon, and saw 49 of its levels.
You visited the Abyss 1 time.
You also visited: Ossuary.

You collected 5986 gold pieces.
You spent 3610 gold pieces at shops.

Inventory:

Hand Weapons
 x - a +4 antimagic rapier
 F - the +10 hand crossbow of Proximity {venom, Fly rPois rF++ rC-}
   (You found it on level 4 of the Depths)

   Any ammunition fired from it poisons the flesh of those it strikes.
   rF:        It greatly protects you from fire.
   rC:        It makes you vulnerable to cold.
   rPois:     It protects you from poison.
   Fly:       It grants you flight.
 H - a +6 quick blade of venom
 Y - a +8 rapier of electrocution (weapon)
Missiles
 n - 16 atropa-tipped darts
 t - 3 throwing nets
Armour
 e - the +2 shield of Resistance (worn) {rF++ rC++ Will++}
   (You bought it in a shop on level 15 of the Dungeon)

   rF:        It greatly protects you from fire.
   rC:        It greatly protects you from cold.
   Will:      It greatly increases your willpower.
 j - the +0 robe of Impermeability (worn) {Dex+7}
   (You bought it in a shop on level 2 of the Orcish Mines)

   Dex:       It affects your dexterity (+7).
 u - a +2 pair of gloves of infusion (worn)
 L - a +2 cloak (worn)
 O - the +1 pair of boots of the Great Game (worn) {rPois Str+3}
   (You acquired it on level 6 of the Lair of Beasts)

   Str:       It affects your strength (+3).
   rPois:     It protects you from poison.
 U - a scarf of shadows
 W - a +2 helmet
Jewellery
 l - a +4 ring of slaying (left hand)
 m - an amulet of the acrobat
 p - a +4 ring of evasion
 z - the ring of Coronation {Wiz Fly rC+ Str-4 Dex+4}
   (You found it on level 3 of the Swamp)

   [ring of wizardry]

   It improves your spell success rate.
   Str:       It affects your strength (-4).
   Dex:       It affects your dexterity (+4).
   rC:        It protects you from cold.
   Fly:       It grants you flight.
 I - a ring of positive energy
 K - a ring of see invisible (right hand)
 P - an amulet of reflection (around neck)
 Q - a ring of resist corrosion
Wands
 b - a wand of digging (27)
 c - a wand of acid (13)
 y - a wand of mindburst (16) (quivered)
 S - a wand of iceblast (60)
 V - a wand of charming (36)
 Z - a wand of paralysis (32)
Scrolls
 d - 5 scrolls of blinking
 h - 5 scrolls of silence
 q - 6 scrolls of fog
 s - 5 scrolls of enchant armour
 v - 2 scrolls of fear
 A - 4 scrolls of magic mapping
 D - 4 scrolls of holy word
 E - 12 scrolls of teleportation
Potions
 g - 5 potions of mutation
 k - 9 potions of ambrosia
 o - 4 potions of might
 r - 11 potions of heal wounds
 w - 17 potions of curing
 B - 9 potions of flight
 C - 2 potions of cancellation
 G - 5 potions of magic
 M - 4 potions of invisibility
 N - 2 potions of haste
 X - 3 potions of resistance
Miscellaneous
 a - a phantom mirror
 f - a lightning rod (4/4)
 i - a phial of floods
 J - a condenser vane
 R - a box of beasts
 T - a tin of tremorstones (2/2)


   Skills:
 + Level 22.4 Fighting
 - Level 14.0 Short Blades
 - Level 5.0 Crossbows
 - Level 10.0 Throwing
 - Level 1.5 Armour
 O Level 27 Dodging
 O Level 27 Stealth
 - Level 18.0 Shields
 + Level 18.1 Evocations


You had 26 spell levels left.
You didn't know any spells.
Your spell library was empty.

Dungeon Overview and Level Annotations

Branches:
Dungeon (15/15) Temple (0/1) D:5 Lair (6/6) D:11 Swamp (4/4) Lair:4 Snake (4/4) Lair:4 Slime (5/5) Lair:5 Orc (2/2) D:10 Elf (0/3) Orc:2 Vaults (4/5) D:13 Crypt (0/3) Vaults:2 Vaults:3 Depths (4/4) D:15 Zot (5/5) Depths:4 Ossuary (visited)

Altars:
Ashenzari
Elyvilon
Fedhas
Hepliaklqana
Kikubaaqudgha
Nemelex Xobeh
Okawaru
Sif Muna
Trog
Vehumet
Wu Jian
Yredelemnul
Zin
Jiyva

Shops:
D:7 ?   D:8 !?   D:10 *   D:11 *   D:15 [   Orc:2 [:?[   Snake:2 :=:

Portals:
Hell: Depths:1 Depths:2 Depths:3 Depths:4
Abyss: Depths:3
Pandemonium: Depths:2 Depths:4
Ziggurat: Depths:3

Annotations:
D:10 exclusion: ice statue
D:11 3 runed translucent doors
Lair:5 exclusion: oklob plant
Swamp:3 1 runed translucent door, cbfl8's ghost, adept MiFi
Swamp:4 exclusion: oklob plant
Depths:2 3 runed translucent doors


Innate Abilities, Weirdness & Mutations

You are small and have problems with some larger weapons.
You are completely attuned to the shadows.
You have a pair of small antennae on your head.
You are partially covered in iridescent scales. (AC +2)
You are partially covered in large bone plates. (SH +4)
You tend to lose your temper in combat.
You are dopey. (Int -2)
You have hidden genetic potential.


Message History

There is a stone staircase leading up here.
You climb upwards.
There is a stone staircase leading down here.
Magic restored.
You see here a curare-tipped dart.
You see here a +0 dagger.
Things that are here:
13 bolts; a +0 dagger; a +0 hand crossbow
There is a stone staircase leading up here.
You climb upwards.
There is a stone staircase leading down here.
There is a stone staircase leading up here.
You climb upwards.
There is a stone staircase leading down here.
There is a stone staircase leading up here.
You climb upwards.
There is a stone staircase leading down here.
There is a stone staircase leading up here.
Things that are here:
a +0 robe; a +1 whip of flaming
There is a stone staircase leading up here.
You climb upwards.
There is a stone staircase leading down here.
There is a stone staircase leading up here.
You climb upwards.
There is a stone staircase leading down here.
There is a stone staircase leading up here.
You climb upwards.
There is a stone staircase leading down here.
There is an open door here.
You open the door.
There is an open door here.
There is an escape hatch in the floor here.
There is a staircase leading out of the dungeon here.
Unknown command.
Enter note: finally a kobold berserker win
Enter note: OOF still real hard
Okay, then.
Enter note: stealth was real high before the orb, too. wrapped around into a * on the meter You have escaped!

.......................###.......
.#...............................
.#.............................##
.##.....########'########......##
.##.....####.........####......##
........##.............##......#.
.##.....#......#'#......#......#.
........'.....##>##.....'......#.
........'.....##@##.....'......#.
........#......#'#^..(..#........
........##.............##........
..###...####.........####........
..###...########+########........
.##........................#.....
...........................#.....
........#...............####.....
........##...#...##.....# #.....


There were no monsters in sight!

Vanquished Creatures
  the Royal Jelly (Slime:5)
  4 dread liches (Zot:5)
  6 orbs of fire
  Mara (Snake:4)
  2 juggernauts
  Sojobo (Depths:3)
  3 Killer Klowns
  Bai Suzhen (Snake:4)
  2 caustic shrikes (Depths:4)
  2 curse toes
  Vashnia (Snake:3)
  14 golden dragons
  4 electric golems
  18 tentacled monstrosities
  Rupert (Lair:3)
  5 walking earthen tomes
  19 Orb Guardians
  7 liches
  10 quicksilver dragons
  3 walking divine tomes
  3 walking frostbound tomes
  4 titans
  9 sphinxes
  A tentacled starspawn (Abyss:1)
  18 acid blobs
  7 death cobs
  2 thorn hunters
  Kirke (Lair:6)
  5 shadow dragons
  Donald (Slime:2)
  12 tengu reavers
  12 storm dragons
  3 draconian monks
  A fenstrider witch (Swamp:2)
  6 nagarajas
  13 frost giants
  19 azure jellies
  16 rockslimes
  10 fire giants
  3 draconian knights
  2 orc warlords
  4 iron dragons
  11 vault wardens
  4 ghost moths
  3 draconian scorchers
  Aizul (Vaults:4)
  4 draconian shifters
  3 spriggan defenders
  A draconian stormcaller (Zot:2)
  22 very ugly things
  6 draconian annihilators
  12 quicksilver oozes
  4 ironbound thunderhulks
  15 stone giants
  9 ironbound preservers
  5 vampire knights
  3 entropy weavers
  9 green draconians
  A reaper (Depths:3)
  8 eleionomae
  4 black draconians
  An entropy weaver (shapeshifter) (D:10)
  Nessos (Lair:5)
  4 red draconians
  2 bunyips
  4 yellow draconians
  6 purple draconians
  3 spark wasps
  10 white draconians
  17 ettins
  A merfolk javelineer (Depths:3)
  6 fire dragons
  3 vault guards
  2 shambling mangroves
  16 great orbs of eyes
  13 yaktaur captains
  The ghost of cbfl8 the Cleaver, a journeyman MiFi of Okawaru (D:10)
  2 rakshasas (Depths:1)
  8 ice dragons
  2 spriggan air magi
  4 salamander tyrants (Snake:4)
  An ogre mage (D:10)
  6 naga warriors
  4 boulder beetles
  2 catoblepae
  19 hydras
  A peacekeeper (Vaults:2)
  2 ghost crabs (Swamp:3)
  8 ironbound frosthearts
  2 hell beasts (Depths:3)
  10 alligators
  15 centaur warriors
  A jorogumo (shapeshifter) (Depths:2)
  2 death knights (D:13)
  4 deep troll shamans
  A merfolk avatar (Lair:6)
  5 anacondas
  5 two-headed ogres
  4 tengu warriors
  7 deep troll earth magi
  3 orc high priests (Orc:2)
  2 death yaks (Lair:5)
  7 spriggan berserkers
  2 vampire magi
  2 shock serpents
  6 hell knights
  A deep elf knight (D:13)
  10 naga sharpshooters
  A storm dragon zombie (Depths:1)
  3 iron trolls
  A skeletal warrior (D:10)
  2 sun demons
  3 spriggans
  2 salamander mystics (Snake:4)
  A death drake (Swamp:3)
  A sixfirhy (D:9)
  4 goliath frogs
  A sea snake (shapeshifter) (Depths:4)
  36 deep trolls
  An orange crystal statue (Zot:5)
  4 spriggan druids
  5 swamp dragons
  A deep troll (shapeshifter) (Depths:4)
  A quicksilver dragon simulacrum (Depths:3)
  2 glowing orange brains
  5 flayed ghosts
  A sea snake (Lair:6)
  A lindwurm (shapeshifter) (Depths:4)
  10 ironbound convokers
  15 wizards
  6 bog bodies
  3 spectral hydras (Swamp:4)
  2 naga ritualists
  Pikel (D:4)
  8 necromancers
  A deep elf zephyrmancer (D:14)
  6 phantasmal warriors
  6 lindwurms (Vaults:2)
  A frost giant zombie (Depths:1)
  A golden dragon skeleton (Depths:1)
  12 orc knights
  7 mana vipers
  2 harpies (Lair:6)
  2 deep elf pyromancers
  55 ugly things
  A faun (shapeshifter) (Depths:1)
  A sphinx skeleton (Depths:1)
  4 will-o-the-wisps
  A wolf spider (Lair:1)
  6 orc sorcerers
  17 elephants
  5 cyclopes
  5 manticores
  6 salamanders
  6 shining eyes
  An eye of devastation (shapeshifter) (Depths:4)
  24 moths of wrath
  Joseph (D:10)
  4 eyes of devastation
  13 vault sentinels
  2 guardian serpents
  7 naga magi
  A gargoyle (D:12)
  2 water nymphs (Swamp:2)
  31 black mambas
  A cane toad (shapeshifter) (Vaults:1)
  15 cane toads
  A torpor snail (Lair:5)
  A rime drake (Lair:6)
  A yaktaur (shapeshifter) (Depths:4)
  5 freezing wraiths
  An unseen horror (D:10)
  Maggie (Lair:1)
  2 kobold demonologists (D:13)
  2 tengu conjurers (Depths:1)
  14 komodo dragons
  2 efreet (D:10)
  A hydra zombie (Swamp:4)
  43 yaktaurs
  5 trolls
  2 death drake zombies (Swamp:4)
  8 polar bears
  A wind drake (Lair:6)
  6 meliai
  7 tyrant leeches
  2 bloated husks
  Grinder (D:4)
  19 blink frogs
  A wind drake (shapeshifter) (Depths:2)
  A hydra skeleton (Swamp:4)
  135 slime creatures
  10 hornets
  4 dream sheep (Lair:6)
  A meliai zombie (D:10)
  A slime creature (shapeshifter) (Vaults:4)
  A culicivora (Vaults:1)
  A centaur simulacrum (D:15)
  2 shadows
  5 wyverns
  A water elemental (Depths:2)
  20 humans (D:13)
  4 wraiths
  6 hogs
  43 yaks
  8 golden eyes
  6 basilisks
  2 steam dragons
  7 redbacks
  8 vampire mosquitoes
  18 swamp worms
  A swamp worm (shapeshifter) (Depths:1)
  A warg (Orc:2)
  38 nagas
  3 hydra simulacra (Swamp:4)
  2 acid dragons
  18 water moccasins
  A floating eye (Depths:4)
  18 orc warriors
  2 hornet zombies
  A necrophage (D:3)
  Pargi (D:3)
  A black bear (D:11)
  4 swamp drakes (Swamp:4)
  An ice beast (D:5)
  2 swamp dragon zombies (Swamp:4)
  7 boggarts
  31 wolves
  13 centaurs
  3 lemures
  5 ogres
  3 phantoms
  5 kobold brigands
  19 bullfrogs
  A scorpion (D:7)
  A gnoll sergeant (D:9)
  A water moccasin skeleton (D:6)
  5 killer bees (D:10)
  3 wights (Abyss:1)
  3 vampire bats (D:7)
  A howler monkey (D:3)
  8 centaur zombies
  10 jellies
  16 orc priests
  4 centaur skeletons
  A hound (D:5)
  2 iguanas
  22 orc wizards
  Terence (D:3)
  4 hell rats
  A howler monkey zombie (D:9)
  9 mummies
  6 gnolls
  7 adders
  2 shadow imps
  3 white imps
  An ufetubus (D:6)
  2 adder skeletons
  2 dart slugs (D:2)
  5 worms
  45 orcs
  3 bats
  2 bat skeletons (D:7)
  3 bat zombies (D:7)
  5 endoplasms
  8 goblins
  4 hobgoblins
  5 jackals
  33 kobolds
  5 quokkas
  8 ball pythons
  3 frilled lizards (D:1)
  3 gnoll zombies (Ossuary)
  2 hobgoblin zombies
  6 kobold zombies
  An orc zombie (Ossuary)
  5 rats (D:1)
  A spectral goblin (D:1)
1841 creatures vanquished.

Vanquished Creatures (collateral kills)
  An orb of fire (Zot:5)
  A Killer Klown (Zot:5)
  A caustic shrike (Depths:4)
  Jorgrun (Swamp:3)
  Asterion (Snake:4)
  A quicksilver dragon (Zot:5)
  A storm dragon (Zot:5)
  A rockslime (Slime:5)
  A frost giant (Depths:4)
  2 quicksilver oozes
  A hydra skeleton (Swamp:4)
  An ironbound thunderhulk (Vaults:1)
  A naga warrior (Snake:4)
  A hydra (Lair:1)
  A great orb of eyes (Slime:5)
  A two-headed ogre (D:11)
  An anaconda (Snake:4)
  A deep troll earth mage (Depths:1)
  A naga sharpshooter (Snake:4)
  A spriggan berserker (Depths:4)
  A hell knight (Depths:1)
  An orc sorcerer (Orc:2)
  2 moths of wrath
  A vault sentinel (Vaults:1)
  A naga mage (Snake:4)
  A yaktaur (Vaults:1)
  3 slime creatures (Slime:2)
  2 basilisks
  2 nagas (Snake:4)
  2 wolves (Lair:1)
  A kobold brigand (D:10)
  An orc wizard (D:10)
  An orc (D:10)
  2 kobolds (D:10)
42 creatures vanquished.

Vanquished Creatures (others)
  A draconian knight (Zot:1)
  An ice dragon (Depths:1)
  4 hell knights (Depths:1)
  2 bloated husks (Swamp:4)
  2 nagas (Snake:4)
  A boggart (D:11)
  7 bushes
  2 foxfires (Swamp:4)
  64 fungi
  122 plants
  2 starspawn tentacles (Abyss:1)
208 creatures vanquished.

Grand Total: 2091 creatures vanquished

Notes
Turn   | Place    | Note
-------+----------+-------------------------------------------
     0 | D:1      | jjjjhere the Kobold Berserker began the quest for the Orb.
     0 | D:1      | Reached XP level 1. HP: 14/14 MP: 1/1
    68 | D:1      | Found a faded altar of an unknown god.
    72 | D:1      | Reached skill level 1 in Stealth
   174 | D:1      | Reached XP level 2. HP: 19/19 MP: 2/2
   472 | D:1      | Reached XP level 3. HP: 21/23 MP: 3/3
  1297 | D:2      | Reached skill level 5 in Short Blades
  1301 | D:2      | Identified the +0 trident of Severance {antimagic, rPois
                  | rF+ rCorr Stlth+}
  1642 | D:2      | Reached XP level 4. HP: 28/28 MP: 4/4
  1689 | D:2      | Reached ** piety under Trog
  2501 | D:3      | Found a white marble altar of Elyvilon.
  2717 | D:3      | Reached XP level 5. HP: 32/32 MP: 5/5
  3016 | D:3      | Found a shimmering blue altar of Sif Muna.
  3020 | D:3      | Reached skill level 5 in Stealth
  3025 | D:3      | Found a bloodstained altar of Trog.
  3025 | D:3      | Noticed Terence
  3035 | D:3      | Killed Terence
  3109 | D:3      | Noticed Pargi
  3113 | D:3      | Killed Pargi
  3114 | D:3      | Reached XP level 6. HP: 37/37 MP: 6/6
  3440 | D:3      | Found an iron altar of Okawaru.
  3615 | D:4      | Noticed a necrophage
  3620 | D:4      | Noticed an ogre
  3638 | D:3      | Killed a necrophage
  3639 | D:3      | Reached XP level 7. HP: 40/41 MP: 7/7
  4127 | D:4      | Noticed Pikel
  4316 | D:4      | Reached *** piety under Trog
  4587 | D:4      | Noticed Grinder
  4589 | D:4      | Killed Grinder
  4590 | D:4      | Reached XP level 8. HP: 46/46 MP: 8/8
  4821 | D:4      | Killed Pikel
  4822 | D:4      | Reached skill level 10 in Short Blades
  4822 | D:4      | Reached skill level 10 in Stealth
  5178 | D:5      | Entered Level 5 of the Dungeon
  5250 | D:5      | Reached XP level 9. HP: 51/51 MP: 9/9
  5419 | D:5      | Found a basalt altar of Yredelemnul.
  5869 | D:5      | Found a glowing silver altar of Zin.
  5942 | D:5      | Found a staircase to the Ecumenical Temple.
  6167 | D:5      | Found a radiant altar of Vehumet.
  6167 | D:5      | Found a hazy altar of Hepliaklqana.
  6167 | D:5      | Found a broken altar of Ashenzari.
  6775 | D:6      | Reached skill level 5 in Dodging
  7909 | D:7      | Noticed a hornet
  7914 | D:7      | Killed a hornet
  8215 | D:7      | Reached XP level 10. HP: 56/56 MP: 10/10
  8326 | D:7      | Reached skill level 1 in Shields
  8681 | D:7      | Reached **** piety under Trog
  9038 | D:7      | Found an ancient bone altar of Kikubaaqudgha.
  9132 | D:8      | Found Tanawk's Magic Scroll Emporium.
  9135 | D:8      | Bought a scroll of teleportation for 36 gold pieces
  9135 | D:8      | Bought a scroll of identify for 24 gold pieces
  9135 | D:8      | Bought a scroll of identify for 24 gold pieces
  9148 | D:7      | Reached skill level 5 in Shields
  9148 | D:7      | Reached XP level 11. HP: 67/67 MP: 11/11
  9685 | D:8      | Found a sand-covered staircase.
  9690 | Ossuary  | Entered an ossuary
 10190 | D:8      | Found Keheg's Distillery.
 10925 | D:9      | Identified the +1 robe "Xuovaos" {MP+9 Str+4}
 11183 | D:9      | Reached ***** piety under Trog
 11331 | D:9      | HP: 22/67 [poisoned by a gnoll sergeant]
 11918 | D:10     | Entered Level 10 of the Dungeon
 11999 | D:10     | Noticed a two-headed ogre
 12008 | D:10     | Noticed a two-headed ogre
 12092 | D:11     | Reached XP level 12. HP: 72/72 MP: 12/12
 12097 | D:11     | Reached skill level 15 in Stealth
 12305 | D:11     | Noticed a boulder beetle
 12323 | D:11     | Killed a boulder beetle
 12477 | D:11     | Found a staircase to the Lair.
 12478 | D:11     | Noticed a two-headed ogre
 12508 | D:11     | Killed a two-headed ogre
 12649 | D:10     | Found a staircase to the Orcish Mines.
 12715 | D:10     | Found a runed translucent door.
 12715 | D:10     | Noticed cbfl8's ghost (journeyman MiFi)
 12844 | D:10     | Noticed Joseph
 12848 | D:10     | Killed Joseph
 13306 | D:10     | Noticed a skeletal warrior
 13321 | D:10     | Killed a skeletal warrior
 13551 | D:10     | Noticed an entropy weaver
 13562 | D:10     | Killed an entropy weaver
 13600 | D:10     | Noticed a tengu warrior
 13697 | D:10     | Noticed a centaur warrior
 13705 | D:10     | Killed a centaur warrior
 14121 | D:10     | Noticed an ogre mage
 14143 | D:10     | Killed an ogre mage
 14241 | D:10     | Reached XP level 13. HP: 58/76 MP: 13/13
 14571 | D:10     | HP: 20/76 [two-headed ogre/+0 giant club (27)]
 14980 | D:10     | Reached skill level 15 in Dodging
 15037 | D:11     | Identified the +2 robe "Gemuor" {rCorr}
 15043 | D:11     | Found a runed translucent gate.
 15043 | D:11     | Found a runed translucent gate.
 15043 | D:11     | Found a runed translucent gate.
 15197 | D:11     | Found Ceiggo's Assorted Antiques.
 15201 | D:11     | Bought a scroll of identify for 56 gold pieces
 15493 | D:11     | Noticed a boulder beetle
 15644 | D:11     | You fall into a shaft and drop 1 floor!
 15665 | D:12     | Noticed a boulder beetle
 15690 | D:12     | Killed a boulder beetle
 16041 | D:11     | Noticed a yaktaur captain
 16044 | D:11     | Killed a yaktaur captain
 16045 | D:11     | Reached skill level 1 in Evocations
 16072 | D:11     | Noticed a six-headed hydra
 16079 | D:11     | Killed a six-headed hydra
 16382 | Lair:1   | Entered Level 1 of the Lair of Beasts
 16397 | Lair:1   | Noticed Maggie
 16400 | Lair:1   | Killed Maggie
 16505 | Lair:1   | Noticed a four-headed hydra
 16508 | Lair:1   | Killed a four-headed hydra
 17082 | Lair:1   | Noticed a seven-headed hydra
 17117 | Lair:1   | Killed a seven-headed hydra
 18019 | Lair:1   | Reached skill level 5 in Evocations
 18291 | Lair:2   | Reached XP level 14. HP: 82/82 MP: 14/14
 20312 | Lair:3   | Noticed Rupert
 20315 | Lair:3   | Killed Rupert
 20404 | Lair:3   | You fall into a shaft and drop 3 floors!
 20404 | Lair:6   | Entered Level 6 of the Lair of Beasts
 20630 | Lair:4   | Received a gift from Trog
 21079 | Lair:4   | Found a staircase to the Swamp.
 21456 | Lair:4   | Found a staircase to the Snake Pit.
 21815 | Lair:3   | HP: 27/82 [poisoned by a black mamba]
 22965 | Lair:3   | Reached XP level 15. HP: 87/87 MP: 15/15
 24438 | Lair:5   | Found a viscous altar of Jiyva.
 24438 | Lair:5   | Found a staircase to the Slime Pits.
 24770 | Lair:5   | Noticed Nessos
 24778 | Lair:5   | HP: 25/88 [Nessos/arrow (18)]
 24786 | Lair:5   | Killed Nessos
 25848 | Lair:6   | Noticed Kirke
 27565 | Lair:6   | Killed Kirke
 27588 | Lair:6   | Identified a scroll of acquirement
 28038 | Orc:1    | Entered Level 1 of the Orcish Mines
 28602 | Orc:2    | Entered Level 2 of the Orcish Mines
 29312 | Orc:2    | Found a staircase to the Elven Halls.
 29437 | Orc:2    | Reached XP level 16. HP: 53/92 MP: 16/16
 30049 | Orc:2    | Found Ure Kiam's Armour Shop.
 31289 | Orc:2    | Found Ohyerufo's Magic Scroll Shoppe.
 31298 | Orc:2    | Found Mone's Antique Armour Shop.
 31301 | Orc:2    | Bought a scroll of blinking for 97 gold pieces
 31301 | Orc:2    | Bought a scroll of magic mapping for 45 gold pieces
 31301 | Orc:2    | Bought a scroll of enchant weapon for 97 gold pieces
 31315 | Orc:2    | Found Gavveu's Book Shoppe.
 31321 | Orc:2    | Bought a manual of Armour for 960 gold pieces
 31340 | Orc:2    | Bought a distressingly furry robe for 119 gold pieces
 31340 | Orc:2    | Identified the +0 robe of Impermeability {Dex+7} (You
                  | bought it in a shop on level 2 of the Orcish Mines)
 31355 | Orc:2    | Bought a scroll of teleportation for 39 gold pieces
 31355 | Orc:2    | Bought a scroll of teleportation for 39 gold pieces
 31355 | Orc:2    | Bought a scroll of identify for 26 gold pieces
 31355 | Orc:2    | Bought a scroll of identify for 26 gold pieces
 31360 | Orc:2    | Acquired the +1 pair of boots of the Great Game {rPois
                  | Str+3}
 32778 | D:13     | Identified the +5 hunting sling of Death's Door {flame,
                  | rPois rC++ rCorr Int-5}
 33957 | D:13     | Found a gate to the Vaults.
 34178 | Snake:1  | Entered Level 1 of the Snake Pit
 35425 | Snake:2  | Noticed a nagaraja
 35440 | Snake:2  | Killed a nagaraja
 35504 | Snake:2  | Reached XP level 17. HP: 94/97 MP: 12/17
 36133 | Snake:2  | Identified the +1 scale mail of Proximity {+Blink rF+
                  | rCorr}
 36710 | Snake:2  | Found Gudodgh's Book Emporium.
 36710 | Snake:2  | Found Ykuo's Book Emporium.
 36711 | Snake:2  | Found Cuosin's Jewellery Shop.
 36956 | Snake:3  | Noticed Vashnia
 37028 | Snake:3  | Killed Vashnia
 38617 | Snake:4  | Entered Level 4 of the Snake Pit
 39020 | Snake:4  | Received a gift from Trog
 39187 | Snake:4  | Reached skill level 10 in Fighting
 39395 | Snake:4  | Noticed Mara
 39399 | Snake:4  | Noticed jjjjhere's illusion
 39416 | Snake:4  | Killed Mara
 39773 | Snake:4  | Noticed Bai Suzhen
 39778 | Snake:4  | Killed Bai Suzhen
 39826 | Snake:4  | Noticed Asterion
 40630 | Snake:4  | Reached XP level 18. HP: 89/108 MP: 15/18
 41152 | Snake:4  | Killed Asterion
 41288 | Snake:4  | Got a serpentine rune of Zot
 41681 | Swamp:1  | Entered Level 1 of the Swamp
 43831 | Swamp:2  | Reached ****** piety under Trog
 44529 | Swamp:2  | Received a gift from Trog
 44906 | Swamp:3  | Identified the ring of Coronation {Wiz Fly rC+ Str-4 Dex+4}
 45078 | Swamp:3  | Found a runed translucent door.
 45079 | Swamp:3  | Noticed cbfl8's ghost (adept MiFi)
 45307 | Swamp:3  | Noticed Jorgrun
 45323 | Swamp:3  | Killed Jorgrun
 45487 | Swamp:4  | Entered Level 4 of the Swamp
 47540 | Swamp:4  | Reached XP level 19. HP: 99/115 MP: 6/19
 48467 | Swamp:4  | Identified the +0 quick blade of Trog's Supremacy {vorpal,
                  | rF+ Str+8 Int-3 Stlth-} (Trog gifted it to you on level 4
                  | of the Swamp)
 48467 | Swamp:4  | Received a gift from Trog
 49012 | Swamp:4  | Found a blossoming altar of Fedhas.
 49285 | Swamp:4  | HP: 35/115 [27-headed hydra skeleton (10)]
 49639 | Swamp:4  | Found a basalt altar of Yredelemnul.
 49651 | Swamp:4  | Got a decaying rune of Zot
 50232 | D:14     | Found a radiant altar of Vehumet.
 51333 | D:15     | Entered Level 15 of the Dungeon
 51699 | D:15     | Found Jefroz's Antique Armour Boutique.
 51719 | D:15     | Bought the +2 shield of Resistance {rF++ rC++ Will++} for
                  | 1622 gold pieces
 51719 | D:15     | Found the +2 shield of Resistance {rF++ rC++ Will++}
 51965 | D:15     | Found a staircase to the Depths.
 52383 | Vaults:1 | Entered Level 1 of the Vaults
 53108 | Vaults:1 | Received a gift from Trog
 53112 | Vaults:1 | Reached skill level 27 in Stealth
 53238 | Vaults:1 | HP: 30/115 [centaur warrior/arrow (14)]
 54082 | Vaults:1 | Reached XP level 20. HP: 121/121 MP: 12/20
 54256 | Vaults:1 | Reached skill level 10 in Shields
 55051 | Vaults:1 | Received a gift from Trog
 57235 | Vaults:2 | Received a gift from Trog
 58181 | Vaults:3 | Found a staircase to the Crypt.
 59494 | Vaults:3 | Reached XP level 21. HP: 129/129 MP: 19/21
 60066 | Vaults:3 | Received a gift from Trog
 60725 | Vaults:4 | Noticed Aizul
 61867 | Vaults:4 | Killed Aizul
 62288 | Vaults:4 | Received a gift from Trog
 63015 | Vaults:4 | Identified the +5 short sword "Bopobant" {venom, MP+9 Str+3
                  | Stlth+}
 64191 | Depths:1 | Entered Level 1 of the Depths
 64857 | Depths:1 | Reached XP level 22. HP: 108/138 MP: 4/22
 65508 | Depths:1 | HP: 40/138 [phantasmal warrior (24)]
 66403 | Depths:1 | Found a gateway to Hell.
 66516 | Depths:1 | Received a gift from Trog
 67000 | Depths:1 | Reached skill level 15 in Fighting
 67067 | Depths:2 | Found a white marble altar of Elyvilon.
 67203 | Depths:2 | Found a runed translucent gate.
 67203 | Depths:2 | Found a runed translucent gate.
 67203 | Depths:2 | Found a runed translucent gate.
 67750 | Depths:2 | Noticed a golden dragon
 67777 | Depths:2 | Killed a golden dragon
 68083 | Depths:2 | Found a one-way gate leading to the halls of Pandemonium.
 68491 | Depths:2 | Noticed a juggernaut
 68501 | Depths:2 | Killed a juggernaut
 68787 | Depths:2 | Noticed a golden dragon
 68796 | Depths:2 | Killed a golden dragon
 68849 | Depths:2 | Reached skill level 15 in Shields
 68985 | Depths:2 | Received a gift from Trog
 69190 | Depths:2 | Identified the +0 pair of boots of True Grit {Dex+2}
 69733 | Depths:2 | Reached XP level 23. HP: 120/146 MP: 15/23
 70250 | Depths:3 | Found a one-way gateway to a ziggurat.
 70496 | Depths:3 | Found a one-way gate to the infinite horrors of the Abyss.
 71892 | Depths:3 | Identified the +1 scale mail of the Wumpus {Int+5}
 72062 | Depths:3 | Identified the +0 pair of boots of Grot {Str+3}
 72373 | Depths:3 | Noticed Sojobo
 72375 | Depths:3 | Killed Sojobo
 72811 | Depths:4 | Entered Level 4 of the Depths
 72818 | Depths:4 | Noticed a juggernaut
 72821 | Depths:4 | Killed a juggernaut
 73009 | Depths:4 | Found an ornate altar of the Wu Jian Council.
 73010 | Depths:4 | Found a blossoming altar of Fedhas.
 73133 | Depths:4 | Found a gate to the Realm of Zot.
 73173 | Depths:4 | Noticed a golden dragon
 73200 | Depths:4 | Killed a golden dragon
 73365 | Depths:4 | Found a sparkling altar of Nemelex Xobeh.
 73472 | Depths:4 | Noticed a golden dragon
 73474 | Depths:4 | Killed a golden dragon
 73485 | Depths:4 | Reached XP level 24. HP: 156/156 MP: 22/23
 73591 | Depths:4 | Noticed a caustic shrike
 73607 | Depths:4 | Killed a caustic shrike
 73826 | Depths:4 | Noticed a caustic shrike
 73831 | Depths:4 | Killed a caustic shrike
 73927 | Depths:4 | Received a gift from Trog
 73932 | Depths:4 | Noticed a caustic shrike
 73945 | Depths:4 | Killed a caustic shrike
 74154 | Depths:4 | Noticed a golden dragon
 74204 | Depths:4 | Killed a golden dragon
 74532 | Depths:4 | Noticed a golden dragon
 74819 | Depths:4 | Killed a golden dragon
 74895 | Depths:4 | Reached skill level 27 in Dodging
 75800 | Depths:4 | Identified the +10 hand crossbow of Proximity {venom, Fly
                  | rPois rF++ rC-}
 76025 | Depths:4 | Identified the +4 falchion of the Pillar {vorpal, Str+7}
 76179 | Depths:3 | Voluntarily entered the Abyss.
 76309 | Depths:3 | Escaped the Abyss
 76699 | Snake:2  | Bought a ring of resist corrosion for 400 gold pieces
 76785 | Slime:1  | Entered Level 1 of the Pits of Slime
 77326 | Slime:2  | Received a gift from Trog
 79272 | Slime:4  | Gained mutation: You are clumsy. (Dex -2) [a shining eye]
 79281 | Slime:4  | Reached skill level 1 in Crossbows
 80846 | Slime:2  | Noticed Donald
 80858 | Slime:2  | Killed Donald
 80858 | Slime:2  | Received a gift from Trog
 80863 | Slime:2  | Reached skill level 10 in Evocations
 80863 | Slime:2  | Reached XP level 25. HP: 146/163 MP: 5/23
 81678 | Slime:5  | Entered Level 5 of the Pits of Slime
 82226 | Slime:5  | Found a viscous altar of Jiyva.
 82227 | Slime:5  | Noticed the Royal Jelly
 82424 | Slime:4  | Reached skill level 5 in Crossbows
 83272 | Slime:5  | Received a gift from Trog
 84481 | Slime:5  | HP: 50/164 [the Royal Jelly (43)]
 86116 | Slime:5  | Killed the Royal Jelly
 86442 | Slime:5  | Identified the +1 ring mail of the New World {rPois}
 86447 | Slime:5  | Got a slimy rune of Zot
 86465 | Slime:5  | Identified the +10 morningstar of Pyromania {freeze, Dex+2}
 86492 | Slime:5  | Identified the +6 falchion of Arrival {vorpal, *Noise rC+
                  | MP+9}
 87018 | Zot:1    | Entered Level 1 of the Realm of Zot
 87471 | Zot:1    | HP: 40/166 [black draconian knight/bolt of lightning (20)]
 87476 | Zot:1    | HP: 26/166 [something (21)]
 87484 | Zot:1    | HP: 66/249 [something (14)]
 87500 | Zot:1    | HP: 67/249 [acid (8)]
 87511 | Zot:1    | HP: 9/166 [something/bolt of lightning (40)]
 87518 | Zot:1    | HP: 41/166 [yellow draconian/glob of acid (23)]
 88645 | D:10     | Killed cbfl8's ghost
 89940 | Zot:1    | Noticed an orb of fire
 89944 | Zot:1    | Killed an orb of fire
 91892 | Zot:3    | Reached XP level 26. HP: 174/174 MP: 22/23
 92282 | Zot:3    | Reached skill level 1 in Throwing
 95119 | Zot:4    | Reached skill level 15 in Evocations
 95572 | Zot:4    | Noticed a Killer Klown
 95576 | Zot:4    | Killed a Killer Klown
 95577 | Zot:4    | Reached skill level 5 in Throwing
 95683 | Zot:4    | Noticed a curse toe
 95687 | Zot:4    | Killed a curse toe
 97414 | Zot:5    | Entered Level 5 of the Realm of Zot
 99032 | Zot:5    | Noticed a dread lich
 99036 | Zot:5    | Killed a dread lich
 99077 | Zot:5    | Noticed a Killer Klown
 99079 | Zot:5    | a Killer Klown changed into a rockslime
 99311 | Zot:5    | Noticed an orb of fire
 99313 | Zot:5    | Noticed an orb of fire
 99313 | Zot:5    | Noticed an orb of fire
 99316 | Zot:5    | Killed an orb of fire
 99317 | Zot:5    | Killed an orb of fire
 99318 | Zot:5    | Reached XP level 27. HP: 183/183 MP: 21/23
 99318 | Zot:5    | Noticed an orb of fire
 99324 | Zot:5    | Noticed an orb of fire
 99329 | Zot:5    | Gained mutation: You have a pair of small antennae on your
                  | head. [an orb of fire]
 99586 | Zot:5    | Noticed an orb of fire
 99655 | Zot:5    | Killed an orb of fire
 99663 | Zot:5    | Identified the +4 flail "Anoip" {freeze, rPois rCorr Str+4
                  | Stlth+}
 99867 | Zot:5    | Noticed a dread lich
 99896 | Zot:5    | Killed a dread lich
100149 | Zot:5    | Noticed a Killer Klown
100152 | Zot:5    | Noticed a Killer Klown
100189 | Zot:5    | Killed a Killer Klown
100641 | Zot:5    | Gained mutation: Your body sometimes deteriorates upon
                  | taking damage. [an orb of fire]
100644 | Zot:5    | Noticed a Killer Klown
100647 | Zot:5    | Gained mutation: You sometimes lose the ability to read
                  | scrolls when taking damage. [an orb of fire]
100679 | Zot:5    | Gained mutation: You are dopey. (Int -2) [an orb of fire]
100682 | Zot:5    | HP: 57/184 [golden dragon (5)]
100683 | Zot:5    | Gained mutation: Armour fits poorly on your strangely
                  | shaped body. [an orb of fire]
100686 | Zot:5    | Gained mutation: You are very dopey. (Int -4) [an orb of
                  | fire]
100687 | Zot:5    | HP: 34/184 [Killer Klown/+12 club of electrocution (23)]
101069 | Zot:4    | Lost mutation: Your body sometimes deteriorates upon taking
                  | damage. [potion of mutation]
101069 | Zot:4    | Lost mutation: You sometimes lose the ability to read
                  | scrolls when taking damage. [potion of mutation]
101069 | Zot:4    | Lost mutation: Armour fits poorly on your strangely shaped
                  | body. [potion of mutation]
101069 | Zot:4    | Lost mutation: You are very dopey. (Int -4) [potion of
                  | mutation]
101069 | Zot:4    | Gained mutation: You have sharp toenails. [potion of
                  | mutation]
101069 | Zot:4    | Gained mutation: You occasionally shout uncontrollably at
                  | your foes. [potion of mutation]
101069 | Zot:4    | Gained mutation: You have a somewhat thin skeletal
                  | structure. (Dex +2, Stealth+) [potion of mutation]
101142 | Zot:5    | Killed a Killer Klown
101191 | Zot:5    | Noticed a dread lich
101205 | Zot:5    | Killed a dread lich
101617 | Zot:5    | Gained mutation: Your body sometimes deteriorates upon
                  | taking damage. [an orb of fire]
101635 | Zot:5    | Killed an orb of fire
101685 | Zot:4    | Lost mutation: You are clumsy. (Dex -2) [potion of
                  | mutation]
101685 | Zot:4    | Lost mutation: Your body sometimes deteriorates upon taking
                  | damage. [potion of mutation]
101685 | Zot:4    | Lost mutation: You occasionally shout uncontrollably at
                  | your foes. [potion of mutation]
101685 | Zot:4    | Gained mutation: Your system is resistant to poisons.
                  | (rPois) [potion of mutation]
101685 | Zot:4    | Gained mutation: You expend magic power (3 MP) to
                  | strengthen your wands. [potion of mutation]
101951 | Zot:5    | Gained mutation: You are frail. (-10% HP) [an orb of fire]
101959 | Zot:5    | Gained mutation: Your body sometimes deteriorates upon
                  | taking damage. [an orb of fire]
101977 | Zot:5    | Killed an orb of fire
102276 | Zot:5    | Gained mutation: You are very dopey. (Int -4) [an orb of
                  | fire]
102287 | Zot:5    | Gained mutation: You tend to lose your temper in combat.
                  | [an orb of fire]
102318 | Zot:5    | Gained mutation: Your body often deteriorates upon taking
                  | damage. [an orb of fire]
102332 | Zot:5    | Killed an orb of fire
102354 | Zot:5    | Killed a Killer Klown
102618 | Zot:5    | Reached skill level 10 in Throwing
102755 | Zot:5    | Noticed an orb of fire
102829 | Zot:5    | Noticed a dread lich
102993 | Zot:5    | Killed a dread lich
103214 | Zot:5    | Lost mutation: You tend to lose your temper in combat.
                  | [potion of mutation]
103214 | Zot:5    | Lost mutation: Your body often deteriorates upon taking
                  | damage. [potion of mutation]
103214 | Zot:5    | Lost mutation: Your system is resistant to poisons. (rPois)
                  | [potion of mutation]
103214 | Zot:5    | Lost mutation: You have a somewhat thin skeletal structure.
                  | (Dex +2, Stealth+) [potion of mutation]
103217 | Zot:5    | Lost mutation: You expend magic power (3 MP) to strengthen
                  | your wands. [potion of mutation]
103217 | Zot:5    | Lost mutation: You are frail. (-10% HP) [potion of
                  | mutation]
103217 | Zot:5    | Gained mutation: You sometimes lose the ability to read
                  | scrolls when taking damage. [potion of mutation]
103217 | Zot:5    | Lost mutation: You are very dopey. (Int -4) [potion of
                  | mutation]
103217 | Zot:5    | Gained mutation: You are partially covered in large bone
                  | plates. (SH +4) [potion of mutation]
103218 | Zot:5    | Lost mutation: Your body sometimes deteriorates upon taking
                  | damage. [potion of mutation]
103218 | Zot:5    | Lost mutation: You sometimes lose the ability to read
                  | scrolls when taking damage. [potion of mutation]
103218 | Zot:5    | Lost mutation: You have sharp toenails. [potion of
                  | mutation]
103218 | Zot:5    | Gained mutation: You are partially covered in iridescent
                  | scales. (AC +2) [potion of mutation]
103218 | Zot:5    | Gained mutation: You tend to lose your temper in combat.
                  | [potion of mutation]
103218 | Zot:5    | Gained mutation: You have hidden genetic potential. [potion
                  | of mutation]
103492 | Zot:5    | Got the Orb of Zot
103501 | Zot:5    | Noticed Ifierhiss the pandemonium lord
104125 | D:1      | finally a kobold berserker win
104125 | D:1      | OOF still real hard
104125 | D:1      | stealth was real high before the orb, too. wrapped around
                  | into a * on the meter
104126 | D:$      | Escaped with the Orb!

Illustrated notes

.......................###.......
.#...............................
.#.............................##
.##.....########'########......##
.##.....####.........####......##
........##.............##......#.
.##.....#......#'#......#......#.
........'.....##>##.....'......#.
........'.....##@##.....'......#.
........#......#'#^..(..#........
........##.............##........
..###...####.........####........
..###...########+########........
.##........................#.....
...........................#.....
........#...............####.....
........##...#...##.....# #.....


Turn 104125 on D:1: finally a kobold berserker win

Levels and vault maps discovered:
D:1:      dpeg_arrival_refuge, layout_basic,
          dreamdust_ecumenical_altar_drowned_temple, kennysheep_crisscross,
          nrook_mini_backslash, minmay_misc_feat_roman
D:2:      layout_basic, kennysheep_generic_room_12
D:3:      layout_loops_ring, nzn_overflow_gifts_of_might_and_magic,
          okawaru_altar_gauntlet_db, mainiacjoe_overflow_24_doors,
          ebering_dispersal_statue_hall, uniq_pargi
D:4:      layout_rooms, grunt_decor_clamped, uniq_grinder, uniq_pikel
D:5:      layout_basic, general_overflow_altar,
          mainiacjoe_overflow_surrounded_room, gammafunk_temple_overflow_claw,
          minmay_temple_entry_drinking_statues, minmay_misc_feat_five,
          small_statue_intersection, minivault_11,
          hangedman_decor_diamond_cutter, dk_noncrumbling_2, minmay_mini_ossuary
D:6:      layout_loops_ring, hex_medium, kennysheep_potato
D:7:      layout_layer_cave, kennysheep_vampire_church
D:8:      layout_cave_pools, serial_shops, nicolae_stop_n_shop_2,
          nicolae_shop_advertising_works [nicolae_subvault_shop_adworks],
          enter_ossuary_5
D:9:      layout_gridville, minmay_holes, st_stairs_12
D:10:     hangedman_cross_veins, layout_long_grid, orc_0_dummy,
          hellmonk_ghost_happy_afterlife, minivault_16, hangedman_decor_points,
          serial_park_tiny_2, uniq_joseph
D:11:     layout_loops_ring, david_lair_generic, gauntlet_entry_generic,
          serial_shops, nicolae_stop_n_shop_1,
          ploomutoo_gammafunk_ghost_potion_laboratory, minmay_three_doors
D:12:     hellmonk_destroyed_diamonds, layout_small_grid
D:13:     layout_basic, grunt_vaults_entry_tiered
D:14:     layout_layer_cave, nicolae_vehumet_radiance, st_stairs_2
D:15:     grunt_enter_depths_magical_seal, layout_basic, serial_shops, shop,
          minmay_misc_feat_encased
Lair:1:   layout_chaotic_city, nicolae_lair_run_with_the_wolves,
          grunt_megastairs_3, uniq_maggie
Lair:2:   layout_chaotic_city, cheibrodos_lair_lostbears
Lair:3:   layout_cave_pods, beast_lair_carwin_7, grunt_megastairs_5, uniq_rupert
Lair:4:   layout_cellular_growth, skrybe_swamp_entry_bodies,
          guppyfry_snake_entry_island, lemuel_fruit_tree, serial_bayou_shore_a,
          grunt_megastairs_4
Lair:5:   layout_cave_shapes, slime_altar_1, uniq_nessos
Lair:6:   gammafunk_lair_ancient_temple, layout_concentric_octagons, uniq_kirke
Swamp:1:  layout_basic_swamp, evilmike_swamp_ruin_house_6,
          infiniplex_staircase_pool_2
Swamp:2:  nicolae_swamp_tree_isthmus, layout_falls_marsh,
          evilmike_swamp_ruin_rubble_2, swamp_pool5,
          nicolae_swamp_nymph_family_reunion
Swamp:3:  layout_falls_marsh, gammafunk_ghost_grave, nicolae_swamp_some_circles,
          uniq_jorgrun
Swamp:4:  byrel_swamp_growth_death_and_undeath, layout_basic_swamp, swamp_pool2
Snake:1:  layout_misc_corridors
Snake:2:  layout_chambers, minmay_shop_grove
Snake:3:  layout_onion_interference, uniq_vashnia
Snake:4:  minmay_snake_end_coiled, layout_cave_town, uniq_bai_suzhen,
          uniq_asterion, uniq_mara
Slime:1:  layout_caves
Slime:2:  layout_caves, uniq_donald
Slime:3:  layout_caves
Slime:4:  nicolae_slime_jelly_donut, layout_caves
Slime:5
Orc:1:    layout_diamond_mine, serial_shops
Orc:2:    st_orc_elflike, layout_caves
Vaults:1: v_misc_28, hangedman_vaults_corner, nicolae_vaults_border_crossing,
          v_misc_5, nicolae_vaults_theta, nicolae_vaults_yaktaur_gun_rack,
          hangedman_vaults_trim, nicolae_vaults_specimen_jars,
          layout_vaults_ring
Vaults:2: nicolae_vaults_ninety_degrees, vaults_mumra_chevron_long,
          vaults_mumra_minichess, nicolae_vaults_twisting_passages,
          nicolae_vaults_angled_halls, vaults_dpeg_encased_lava,
          hangedman_vaults_stitches, grunt_vaults_diagonal,
          nicolae_vaults_little_squares_4, vaults_room_pools,
          layout_vaults_big_cross
Vaults:3: v_alt_pattern_5, nicolae_vaults_rhombus_5, v_alt_pattern_3,
          ontoclasm_vaults_ring_square, nicolae_vaults_puzzle_piece,
          ontoclasm_vaults_shuriken, nicolae_vaults_diagonal_hallway_7,
          nicolae_vaults_circle_grid_a, nicolae_vaults_network_periphery,
          nicolae_vaults_network_s, vaults_room_boxed, hangedman_vaults_trim,
          layout_vaults_maze_bifur
Vaults:4: v_pattern_4, v_misc_24, v_misc_18, st_check,
          nicolae_vaults_sealed_display, vaults_dpeg_diagonal,
          layout_vaults_omnigrid, uniq_aizul
Depths:1: evilmike_cross, layout_long_grid, pf_coc_iceberg, roderic_lattice_a,
          st_stairs_3, minmay_shattered_shrine
Depths:2: minmay_four_inscribed_fans, layout_gridlike, elyvilon_altar_3,
          hangedman_geh_valley, pan_entry, pandoras_box_mu
Depths:3: minmay_the_grid_3x2 [minmay_the_grid_paths, minmay_the_grid_tiny_cups,
          minmay_the_grid_slots, minmay_the_grid_x, minmay_the_grid_doors,
          minmay_the_grid_prize_four_corners_diamond_a], layout_basic,
          enter_ziggurat_b, hangedman_abyss_entry_splay, grunt_mini_vestibule,
          dk_noncrumbling_3, infiniplex_staircase_trident, serial_bayou_shore_b,
          uniq_sojobo
Depths:4: hangedman_slaughterboxes, pan_entry, hell_entry
Zot:1:    layout_basic, drop_trap, grunt_megastairs_1
Zot:2:    layout_misc_corridors
Zot:3:    layout_onion_interference
Zot:4:    layout_misc_corridors
Zot:5:    layout_gridlike, st_stairs_10

Skill      XL: |  1  2  3  4  5  6  7  8  9 10 11 12 13 14 15 16 17 18 19 20 21 22 23 24 25 26 27 |
---------------+----------------------------------------------------------------------------------+-----
Stealth        | 1 2 3 4 6 8 10 13 14 17 19 20 22 23 24 26 27 | 27.0
Short Blades   | 5 6 7 9 10 12 14 | 14.0
Dodging        | 3 7 11 12 14 16 17 19 20 21 22 23 24 25 26 27 | 27.0
Shields        | 5 7 9 11 13 15 16 18 | 18.0
Fighting       | 7 8 10 11 13 14 15 17 18 20 21 22 | 22.4
Evocations     | 5 9 10 14 16 18 | 18.1
Crossbows      | 3 5 |  5.0
Throwing       | 8 10 | 10.0
Armour         | |  1.5

Action                   |  1- 3 |  4- 6 |  7- 9 | 10-12 | 13-15 | 16-18 | 19-21 | 22-24 | 25-27 || total
-------------------------+-------+-------+-------+-------+-------+-------+-------+-------+-------++-------
Melee: Short sword       |    83 |     7 |       |       |       |       |       |       |       ||    90
       Punch             |     1 |     1 |     4 |       |       |       |       |       |       ||     6
       Dagger            |       |    57 |   160 |   569 |  1103 |       |       |       |       ||  1889
       Rapier            |       |       |       |       |   566 |  1124 |  1533 |  1623 |  1876 ||  6722
       Quick blade       |       |       |       |       |       |       |       |       |   141 ||   141
Throw: Dart              |       |       |       |       |     2 |     1 |     3 |     1 |     6 ||    13
       Throwing net      |       |       |       |       |       |       |       |       |     4 ||     4
Invok: Berserk           |       |     2 |     5 |     8 |    10 |    14 |     4 |    11 |     8 ||    62
       Trog's Hand       |       |       |     1 |     5 |     7 |     9 |     2 |    15 |     3 ||    42
       Brothers in Arms  |       |       |       |     3 |     4 |     3 |     4 |     1 |     5 ||    20
Evoke: Tin of tremorston |       |       |       |       |     1 |     2 |     2 |     1 |     1 ||     7
       Wand              |       |       |       |       |     2 |     2 |     5 |     9 |     8 ||    26
       Phantom mirror    |       |       |       |       |       |     2 |     1 |     2 |     4 ||     9
       Phial of floods   |       |       |       |       |       |       |       |     2 |       ||     2
       Box of beasts     |       |       |       |       |       |       |       |       |     3 ||     3
       Condenser vane    |       |       |       |       |       |       |       |       |     1 ||     1
  Use: Scroll            |       |       |     9 |     8 |     6 |    15 |     4 |     4 |    19 ||    65
       Potion            |       |       |       |     1 |     1 |       |       |       |    22 ||    24
 Stab: Sleeping          |    13 |    22 |    31 |    29 |    73 |   107 |   100 |    97 |    74 ||   546
       Distracted        |       |     2 |     1 |     2 |    10 |    33 |    20 |    38 |    25 ||   131
       Invisible         |       |       |       |       |     1 |       |     1 |       |     6 ||     8
       Paralysed         |       |       |       |       |     1 |       |       |       |     1 ||     2
       Held in net/web   |       |       |       |       |       |       |       |       |     4 ||     4
Armor: Animal skin       |     6 |     4 |     5 |     6 |       |       |       |       |       ||    21
       Robe              |       |       |       |    12 |    57 |    29 |    50 |    38 |    57 ||   243
Dodge: Dodged            |    51 |    21 |    64 |   285 |   918 |   545 |   795 |   671 |  1183 ||  4533
Block: Buckler           |       |       |       |   242 |   940 |   441 |   192 |       |       ||  1815
       Reflection        |       |       |       |    10 |    11 |    47 |    68 |     1 |    27 ||   164
       Kite shield       |       |       |       |       |       |       |   856 |  1018 |  1495 ||  3369
